 Dungeon Crawl Stone Soup version 0.31-a0-188-g5e087ee2ca (webtiles) character file.

Game seed: 15043193832099719219

102 qw the Shooter (level 4, -10/25 HPs)
             Began as a Deep Elf Hunter on June 23, 2023.
             Mangled by a gnoll
             ... wielding a +0 halberd
              (13 damage)
             ... on level 4 of the Dungeon.
             The game lasted 00:00:38 (1999 turns).

qw the Shooter (Deep Elf Hunter)                    Turns: 1999, Time: 00:00:39

Health: -10/25     AC:  3    Str: 10    XL:     4   Next: 50%
Magic:  6/6        EV: 12    Int: 14    God:
Gold:   124        SH:  0    Dex: 18    Spells: 3/3 levels left

rFire   . . .        Y - +0 shortbow
rCold   . . .        (shield currently unavailable)
rNeg    . . .        c - +0 leather armour
rPois   .            (no helmet)
rElec   .            (no cloak)
rCorr   .            (no gloves)
SInv    .            (no boots)
Will    .....        (no amulet)
Stlth   ++           (no ring)
HPRegen 0.24/turn    (no ring)
MPRegen 0.10/turn

%: no passive effects
@: no status effects
A: no striking features
a: no special abilities


You were on level 4 of the Dungeon.
You visited 1 branch of the dungeon, and saw 4 of its levels.

You collected 124 gold pieces.


   Skills:
 - Level 1.5 Fighting
 + Level 7.9 Ranged Weapons
 - Level 2.4 Dodging
 - Level 1.2 Stealth


You had 3 spell levels left.
You didn't know any spells.
Your spell library was empty.

Inventory:

Hand Weapons
 Y - a +0 shortbow (weapon)
Armour
 c - a +0 leather armour (worn)
Scrolls
 g - a scroll of identify
Potions
 a - a potion of curing {unknown}
 b - 2 potions of resistance
 d - a potion of enlightenment
 e - a potion of mutation {unknown}
 h - a potion of might {unknown}

Dungeon Overview and Level Annotations

Branches:
Dungeon (4/15)
 Temple: D:4-7

Altars:


Message History

Done exploring.
1931 ||| DRINKING 3 murky coppery potions.
It was a potion of resistance.
You feel protected.
Done exploring.
(D) Dungeon
Where to? (* - list waypoints, Enter - D:3, ? - help)
What level of the Dungeon? (default 1, ? - help)
There is a stone staircase leading up here.
You start to feel less resistant.
Your resistance to elements expires.
There is a stone staircase leading down here.
You climb downwards.
There is a stone staircase leading up here.
Waypoint 3 assigned to D:4.
You see here a +0 vampiric whip. 2 gnolls come into view.
You shoot an arrow. The arrow hits the gnoll.
The gnoll is lightly wounded.
The gnoll shouts!
You hear a shout!
A gnoll comes into view. It is wielding a +0 halberd.
You shoot an arrow. The arrow hits the gnoll!
The gnoll is severely wounded.
You hear a shout!
The gnoll barely misses you.
You shoot an arrow. The arrow closely misses the gnoll.
A gnoll comes into view. It is wielding a +0 flail.
The gnoll hits you with a +0 whip.
The gnoll hits you from afar with a +0 halberd.
You shoot an arrow. The arrow hits the gnoll!
You kill the gnoll!
The gnoll hits you from afar with a +0 halberd!
You shoot an arrow. The arrow hits the gnoll.
The gnoll is moderately wounded.
The gnoll hits you with a +0 club! The gnoll closely misses you.
You shoot an arrow. The arrow hits the gnoll.
The gnoll is severely wounded.
The gnoll hits you from afar with a +0 halberd!
Ouch! That really hurt!
You die...

####.. #.#
....#.###.#
...... ...#
......##..#
..........#
#......#######
#.....).......
#..#.#.#######
#...<#..@g#
#.#######.# #
g# .. .## .#
.# ##


You could see 2 gnolls.

Vanquished Creatures
  A gnoll (D:4)
  5 adders
  A worm (D:3)
  3 ball pythons
  6 endoplasms (D:1)
  2 giant cockroaches
  4 goblins
  4 hobgoblins
  2 quokkas
  8 bats
  2 frilled lizards (D:1)
  5 kobolds
  2 rats
45 creatures vanquished.

Notes
Turn   | Place    | Note
-------+----------+-------------------------------------------
     0 | D:1      | qw the Deep Elf Hunter began the quest for the Orb.
     0 | D:1      | Reached XP level 1. HP: 12/12 MP: 3/3
     0 | D:1      | 0 ||| qw: Version: 0.3-a-9-g12657ce
     0 | D:1      | 0 ||| qw: Game counter: 4077
     0 | D:1      | 0 ||| qw: Always use a shield: true
     0 | D:1      | 0 ||| qw: God list: Okawaru
     0 | D:1      | 0 ||| qw: Allow faded altars: false
     0 | D:1      | 0 ||| qw: Do Orc after D:15 true
     0 | D:1      | 0 ||| qw: Do second Lair branch before Depths: true
     0 | D:1      | 0 ||| qw: Lair rune preference: random
     0 | D:1      | 0 ||| qw: Plans: Normal
     0 | D:1      | 0 ||| PLANNING D:1-11
   144 | D:1      | Reached XP level 2. HP: 16/16 MP: 4/4
   247 | D:1      | Reached skill level 6 in Ranged Weapons
   819 | D:1      | 819 ||| READING scroll labelled BOUFFA LIREGOC.
   820 | D:1      | 820 ||| READING 4 scrolls labelled HIFYWO IFIMPAGG.
   821 | D:1      | 821 ||| READING 3 scrolls of identify.
   821 | D:1      | 821 ||| IDENTIFYING yellow potion
   822 | D:1      | 822 ||| READING 2 scrolls of identify.
   822 | D:1      | 822 ||| IDENTIFYING fizzy purple potion
   823 | D:1      | 823 ||| DROPPING scroll of butterflies.
   824 | D:1      | 824 ||| DROPPING potion of degeneration.
   944 | D:2      | Reached XP level 3. HP: 20/20 MP: 5/5
  1170 | D:2      | Reached skill level 7 in Ranged Weapons
  1444 | D:2      | 1444 ||| READING 2 scrolls labelled LEADEU AGRU.
  1445 | D:2      | 1445 ||| READING scroll labelled NEMOMO DOIB.
  1446 | D:2      | 1446 ||| DROPPING scroll of fog.
  1500 | D:3      | Reached XP level 4. HP: 25/25 MP: 6/6
  1931 | D:3      | 1931 ||| DRINKING 3 murky coppery potions.
  1998 | D:4      | HP: 3/25 [gnoll/+0 club (7)]
  1999 | D:4      | Mangled by a gnoll

Levels and vault maps discovered:
D:1:      minmay_arrival_cross, layout_basic, roderic_roman_lattice
D:2:      layout_loops_cross
D:3:      layout_rooms, serial_corexii_hall, corexii_hall_statues_s,
          corexii_hall_statues_t
D:4:      minmay_angry_zag, layout_basic, mainiacjoe_overflow_small_starburst,
          serial_shops, nicolae_shop_bloodbath_and_beyond, shop, shop,
          nicolae_shop_tiny_glass, minmay_misc_feat_tiny, uniq_pikel

Skill      XL: |  1  2  3 |
---------------+----------+-----
Ranged Weapons | 6 7 |  7.9
Fighting       | |  1.5
Dodging        | |  2.4
Stealth        | |  1.2

Action                     |  1- 3 |  4- 6 || total
---------------------------+-------+-------++-------
   Fire: Shortbow          |   114 |    28 ||   142
    Use: Scroll            |     6 |       ||     6
         Potion            |       |     1 ||     1
 Armour: Leather armour    |     6 |     1 ||     7
  Dodge: Dodged            |    30 |     6 ||    36

Table legend:
 A = Non-vault XP
 B = Vault XP
 C = Vault XP percentage of total XP
 D = Non-vault monster count
 E = Vault monster count
 F = Vault count percentage of total count
                 A         B        C        D         E       F
            +---------+---------+-------+---------+---------+-------
      Total |     147 |       0 |   0.0 |      45 |       0 |   0.0
            +---------+---------+-------+---------+---------+-------
        D:1 |      38 |       0 |   0.0 |      24 |       0 |   0.0
        D:2 |      39 |       0 |   0.0 |      10 |       0 |   0.0
        D:3 |      56 |       0 |   0.0 |      10 |       0 |   0.0
        D:4 |      14 |       0 |   0.0 |       1 |       0 |   0.0
            +---------+---------+-------+---------+---------+-------
